 Dungeon Crawl Stone Soup version 0.21.0-3-g78d12a8 (console) character file.

1717 removed the Nimble (level 8, -6/51 HPs)
             Began as a Deep Elf Warper on Jan 13, 2018.
             Killed by divine providence
             ... invoked by an orc priest
              (14 damage)
             ... on level 7 of the Dungeon.
             The game lasted 00:15:41 (8578 turns).

removed the Nimble (Deep Elf Warper)                Turns: 8578, Time: 00:15:42

Health: -6/51      AC:  9    Str:  8    XL:     8   Next: 74%
Magic:  20/20      EV: 16    Int: 21    God:
Gold:   257        SH:  0    Dex: 14    Spells: 14/21 levels left

rFire    . . .     SeeInvis .   a - +2 spear (venom)
rCold    . . .     Gourm    .   (no shield)
rNeg     + . .     Faith    .   Q - +1 leather armour {rN+}
rPois    .         Spirit   .   z - +2 helmet
rElec    .         Reflect  .   D - +0 cloak
rCorr    .         Harm     .   (no gloves)
MR       +....                  x - +0 pair of boots
Stlth    +.........             (no amulet)
HPRegen  0.17/turn              L - ring of protection from magic
MPRegen  0.17/turn              (no ring)

@: lethally poisoned (-6 -> -8)
A: no striking features
a: no special abilities


You were on level 7 of the Dungeon.
You were hungry.

You visited 2 branches of the dungeon, and saw 8 of its levels.

You collected 257 gold pieces.

Inventory:

Hand Weapons
 a - a +2 spear of venom (weapon)
 j - a cursed -1 hunting sling
 o - a +0 club
 y - a +0 falchion
 J - a cursed -3 short sword
Missiles
 e - 5 tomahawks of dispersal (quivered)
 k - 22 stones
 K - a throwing net
Armour
 b - a +0 leather armour
 x - a +0 pair of boots (worn)
 z - a +2 helmet (worn)
 D - a +0 cloak (worn)
 Q - a +1 leather armour of positive energy (worn)
Magical Staves
 S - an uncursed staff of death
Jewellery
 L - a ring of protection from magic (left hand)
Scrolls
 d - 3 scrolls of blinking
 i - 8 scrolls of identify {unknown}
 l - 4 scrolls of fog {unknown}
 m - 5 scrolls of remove curse
 r - a scroll of fear {unknown}
 s - a scroll of magic mapping {unknown}
 v - 2 scrolls of amnesia {unknown}
 C - 3 scrolls of enchant armour {unknown}
 O - a scroll of enchant weapon {unknown}
Potions
 p - 2 potions of might {unknown}
 u - a potion of agility {unknown}
 w - a potion of invisibility {unknown}
 B - a potion of flight {unknown}
 E - 2 potions of cancellation {unknown}
 G - 4 potions of lignification {unknown}
 H - a potion of resistance {unknown}
 M - 2 potions of curing
 N - a potion of heal wounds {unknown}
Books
 c - a book of Spatial Translocations

   Spells                             Type                      Level
   a - Blink                          Translocation                2
   b - Shroud of Golubria             Charms/Translocation         2
   c - Lesser Beckoning               Translocation                3
   d - Gell's Gravitas                Translocation                3
   e - Teleport Other                 Translocation                3
   f - Passage of Golubria            Translocation                4
Comestibles
 f - 9 rations


   Skills:
 - Level 6.0 Fighting
 - Level 1.7 Long Blades
 - Level 1.0 Throwing
 - Level 0.7 Armour
 - Level 8.0 Dodging
 + Level 7.1 Spellcasting
 - Level 5.0 Translocations


You had 14 spell levels left.
You knew the following spells:

 Your Spells              Type           Power        Failure   Level  Hunger
a - Shroud of Golubria    Chrm/Tloc      ###.......   7%          2    None
l - Blink                 Tloc           N/A          2%          2    None
y - Teleport Other        Tloc           ####....     4%          3    #......


Dungeon Overview and Level Annotations

Branches:
Dungeon (7/15)             Temple (1/1) D:5

Altars:
Ashenzari
Cheibriados
Dithmenos
Elyvilon
Fedhas
Gozag
Hepliaklqana
Kikubaaqudgha
Nemelex Xobeh
Okawaru
Qazlal
Ru
Sif Muna
Trog
Uskayaw
Wu Jian
Yredelemnul
Zin
The Shining One

Shops:
D:6 %

Annotations:
D:2 Sigmund


Message History

The worker ant zombie barely misses you.
You barely miss the worker ant zombie.
The worker ant zombie is heavily damaged.
You feel sick.
The worker ant zombie closely misses you.
You are too injured to fight recklessly!
You hit the worker ant zombie.
The worker ant zombie is severely damaged.
The worker ant zombie bites you but does no damage. x2
You are too injured to fight recklessly!
You puncture the worker ant zombie!
The worker ant zombie is almost destroyed.
Your shroud unravels.
You feel sick. The worker ant zombie bites you.
* * * LOW HITPOINT WARNING * * *
You hit the worker ant zombie.
You destroy the worker ant zombie!
The orc priest calls down the wrath of Beogh upon you.
Beogh smites you!
You die...

.#...........#.#.#
......)..#..#.#.#
#(.......#..#.#.#
#...........<.#.#
#........##.###.#
#........##..##.#
#...o.[..##..##.#
#Y# #...#.#
#@#####.#.#.#
#.......#...#
##########..#####.
#.>......
########.


You could see an ice beast and an orc priest.

Vanquished Creatures
  Eustachio (D:4)
  An ice beast (D:7)
  An orc warrior (D:6)
  A necrophage (D:5)
  An ogre (D:5)
  Blork the orc (D:5)
  A bullfrog (D:5)
  2 scorpions (D:7)
  A howler monkey (D:4)
  A centaur zombie (D:5)
  A quasit (D:6)
  2 bullfrog zombies
  A jelly (D:6)
  A hound (D:5)
  2 orc priests (D:6)
  Crazy Yiuf (D:3)
  A bullfrog skeleton (D:4)
  Terence (D:3)
  An iguana (D:6)
  3 orc wizards
  6 worker ants
  A hound zombie (D:5)
  A hound skeleton (D:6)
  A worker ant zombie (D:7)
  Robin (D:3)
  3 gnolls (D:3)
  14 adders
  3 oozes
  An adder skeleton (D:4)
  A worm (D:3)
  A dart slug (D:4)
  3 leopard geckos (D:4)
  24 orcs
  A giant cockroach (D:4)
  11 hobgoblins
  9 jackals
  12 kobolds
  4 quokkas
  A ball python (D:1)
  10 bats
  5 frilled lizards
  14 goblins
  A quokka skeleton (D:4)
  8 rats
  A spectral orc (D:6)
162 creatures vanquished.

Notes
Turn   | Place    | Note
-------+----------+-------------------------------------------
     0 | D:1      | removed the Deep Elf Warper began the quest for the Orb.
     0 | D:1      | Reached XP level 1. HP: 12/12 MP: 6/6
   154 | D:1      | Reached skill level 3 in Dodging
   200 | D:1      | Reached XP level 2. HP: 14/17 MP: 8/8
   269 | D:1      | Learned a level 2 spell: Blink
   272 | D:1      | Learned a level 2 spell: Shroud of Golubria
  1215 | D:2      | Reached XP level 3. HP: 21/21 MP: 6/9
  1432 | D:2      | Learned a level 3 spell: Teleport Other
  1729 | D:2      | Reached XP level 4. HP: 18/26 MP: 10/12
  1988 | D:2      | Found a bloodstained altar of Trog.
  2562 | D:2      | Noticed Sigmund
  3236 | D:3      | Reached skill level 5 in Spellcasting
  3374 | D:3      | Noticed Terence
  3485 | D:3      | Found a sacrificial altar of Ru.
  3976 | D:3      | Reached skill level 4 in Dodging
  3976 | D:3      | Reached XP level 5. HP: 19/30 MP: 14/14
  4179 | D:3      | Found a stormy altar of Qazlal.
  4218 | D:3      | Noticed Robin
  4235 | D:3      | Killed Robin
  4303 | D:3      | Found a shadowy altar of Dithmenos.
  4331 | D:3      | Killed Terence
  4538 | D:3      | Found a runed door.
  4712 | D:3      | Noticed Crazy Yiuf
  4721 | D:3      | Killed Crazy Yiuf
  4879 | D:4      | Reached XP level 6. HP: 28/37 MP: 13/15
  5125 | D:4      | Reached skill level 5 in Translocations
  5165 | D:4      | Noticed Eustachio
  5196 | D:4      | Killed Eustachio
  5196 | D:4      | Reached skill level 5 in Dodging
  5210 | D:4      | Reached skill level 6 in Dodging
  5317 | D:4      | Reached XP level 7. HP: 38/41 MP: 14/16
  5629 | D:5      | Entered Level 5 of the Dungeon
  6094 | D:5      | Found a staircase to the Ecumenical Temple.
  6278 | D:5      | Reached skill level 5 in Fighting
  6486 | D:5      | Reached skill level 7 in Dodging
  6486 | D:5      | Reached XP level 8. HP: 49/49 MP: 15/17
  6697 | Temple   | Entered the Ecumenical Temple
  6860 | D:5      | Noticed Blork the orc
  6868 | D:5      | Killed Blork the orc
  7136 | D:6      | Found a basalt altar of Yredelemnul.
  7242 | D:6      | Reached skill level 8 in Dodging
  7389 | D:6      | Found Dipuoh's Food Boutique.
  8578 | D:7      | Killed from afar by an orc priest

Skill      XL: |  1  2  3  4  5  6  7  8 |
---------------+-------------------------+-----
Dodging        | 3 4 6 7 8 |  8.0
Fighting       | 2 3 5 6 |  6.0
Translocations | 4 5 |  5.0
Spellcasting   | 4 5 7 |  7.1
Long Blades    | |  1.7
Throwing       | |  1.0
Armour         | |  0.7

Action                   |  1- 3 |  4- 6 |  7- 9 || total
-------------------------+-------+-------+-------++-------
Melee: Falchion          |   126 |   118 |       ||   244
       Spear             |       |   116 |   343 ||   459
 Cast: Shroud of Golubri |    18 |    29 |    34 ||    81
       Teleport Other    |       |    11 |    11 ||    22
  Use: Potion            |       |     2 |       ||     2
       Scroll            |       |     1 |     1 ||     2
 Stab: Sleeping          |     1 |       |       ||     1
       Paralysed         |       |     2 |       ||     2
  Eat: Chunk             |     4 |    12 |    11 ||    27
Armor: Leather armour    |    35 |    49 |   107 ||   191
Dodge: Dodged            |   108 |   156 |   282 ||   546
       Rpst.: Falchion   |    34 |    31 |       ||    65
